[Event "CZE-ch U16 Open 2023"]
[Site "Teplice"]
[Date "2023.03.18"]
[Round "9.4"]
[White "Lang, Simon"]
[Black "Seidl, Jan"]
[Result "1-0"]
[ECO "B10"]
[WhiteElo "1974"]
[BlackElo "2025"]
[Annotator "TA"]
[PlyCount "117"]
[EventDate "2023.03.09"]
[EventType "swiss"]
[EventCountry "CZE"]
[SourceTitle "playchess.com"]
[Source "ChessBase"]
[SourceQuality "1"]
[TimeControl "40/5400+30:1800+30"]

1. e4 c6 2. c4 d5 3. exd5 cxd5 4. cxd5 Nf6 5. Nc3 g6 6. Qb3 Bg7 7. g3 O-O 8. Bg2 Nbd7 9. d4 Nb6 10. Nge2 Bf5 11. O-O Bd3 {[%emt 0:01:09] [#]} 12. d6 $1 {[%emt 0:05:02][%mdl 64] Discovered Attack} Qxd6 {[%emt 0:00:55] B14: Caro-Kann: Panov-Botvinnik Attack with 5...e6 and 5...g6.} 13. Bxb7 Rad8 14. Bf4 Qd7 {[%emt 0:01:52] White has an edge.} 15. Bf3 Bc4 {[%emt 0:02:51] [#]} 16. Qa3 $146 ({Predecessor:} 16. Qd1 Nfd5 17. Be3 Nxe3 18. fxe3 Bh6 19. e4 Be3+ 20. Kh1 Bxd4 21. Qxd4 Qxd4 22. Nxd4 Rxd4 {½-½ Ivanenko,O (2077)-Bogdan,D UKR-ch U14 Girls 2007 (7)}) 16... Nfd5 17. Rfe1 Nxf4 18. Nxf4 e6 (18... Bxd4 $11 19. Qxe7 (19. Rxe7 Qf5 $15) 19... Rfe8 20. Qxd7 Rxe1+ 21. Rxe1 Rxd7) 19. Rad1 $14 Bxd4 (19... Qd6 $14) 20. b3 $16 {[%emt 0:09:08] aiming for Re4. White is much more active.} Bb5 $2 {[%emt 0:05:05] [#] A mistake that costs the game.} (20... Qc7 $16 {was worth a try.}) 21. Rxd4 $1 $18 {[%emt 0:01:58][%mdl 576] Deflection} Qxd4 22. Nxb5 Qf6 23. Bg2 (23. Nxa7 e5 $16) 23... e5 (23... Nc8 $142 24. Qa5 (24. Nxa7 Nxa7 25. Qxa7 Qb2 $18) 24... Rd7) 24. Ne2 e4 25. Nec3 (25. Bxe4 Rfe8 $18) (25. Qxa7 Ra8 $18) 25... e3 26. Rxe3 (26. Qxa7 $2 Qxf2+ 27. Kh1 Qxe1+) ({Not} 26. fxe3 Rd7 27. Ne4 Qe7 $18) 26... Rd2 27. Bf3 (27. Nxa7 $2 {leads to mate.} Qxf2+ 28. Kh1 Qxg2#) 27... Rd7 28. Nxa7 g5 29. g4 h5 30. h3 hxg4 31. hxg4 Kg7 32. Qa5 Rh8 33. Nc6 Rd2 34. Qe5 {[%emt 0:02:55] Wards off Nd5} Nd7 35. Qxf6+ Nxf6 36. Ne4 Rxa2 37. Nxf6 ({Don't take} 37. Nxg5 Re8 38. Re5 Rc2 $18) 37... Kxf6 38. Re1 {[%emt 0:00:20] Prevents Ra1.} Rb2 39. b4 Rc8 40. Kg2 Rc2 41. b5 {[%emt 0:30:52] And now Rb1 would win.} Rb2 {[%emt 0:30:17] Wards off Rb1} 42. Re3 Rc7 43. Be2 Rb7 44. Kf3 Rxe2 (44... Rd7 $142 45. Re5 Kg6) 45. Kxe2 Rxb5 {[%emt 0:00:00][%mdl 4096] Endgame KRN-KR} 46. Nd4 Rb4 47. Re4 Ra4 48. Kf3 Ra3+ 49. Re3 Ra4 50. Ke4 Kg6 51. Rf3 f6 52. Rf5 Ra2 53. f3 Ra1 54. Nc6 Re1+ 55. Kd5 Rd1+ 56. Ke6 Re1+ 57. Kd6 {[%emt 0:00:00] Strongly threatening Ra5.} Rd1+ 58. Ke7 Re1+ 59. Kf8 {[%emt 0:00:00] Weighted Error Value: White=0.12 (very precise) /Black=0.44} 1-0

[Event "CZE-ch U16 Open 2023"]
[Site "Teplice"]
[Date "2023.03.18"]
[Round "9.5"]
[White "Dolensky, Filip"]
[Black "Pelc, Adam"]
[Result "1/2-1/2"]
[ECO "C42"]
[WhiteElo "2108"]
[BlackElo "1871"]
[Annotator "TA"]
[PlyCount "95"]
[EventDate "2023.03.09"]
[EventType "swiss"]
[EventCountry "CZE"]
[SourceTitle "playchess.com"]
[Source "ChessBase"]
[SourceQuality "1"]
[TimeControl "40/5400+30:1800+30"]

1. e4 e5 2. Nf3 Nf6 3. d3 Nc6 4. Nbd2 Bc5 5. h3 d5 6. c3 {[%emt 0:01:11] C44: Ponziani Opening and Scotch Gambit.} a6 7. Qc2 Be6 8. Be2 h6 9. Nf1 Qd7 {[%emt 0:08:13] [#]} 10. b4 $146 ({Predecessor:} 10. Bd2 Bb6 11. Ng3 O-O-O 12. b4 g5 13. Nh2 dxe4 14. dxe4 Qxd2+ 15. Qxd2 Bxf2+ 16. Kxf2 Rxd2 {0-1 Egreteau,E (2050)-Le Goff,R (1882) Pornic op 2008 (1)}) 10... Bd6 11. a3 b5 12. Ng3 O-O 13. O-O Rfb8 (13... a5 $5 ) 14. Bb2 a5 15. Rac1 axb4 16. cxb4 Ra6 17. Qd2 d4 18. Bd1 Kh7 (18... Rba8 $17) 19. Re1 (19. Nh4 $1 $11) 19... Ng8 (19... Rba8 $5 ) 20. Nh2 Nge7 21. Ng4 (21. Nh5 $11 {keeps the balance.}) 21... Ng6 $17 22. Bf3 Be7 23. Qe2 Bg5 (23... Rba8 $17 {aiming for ...Rxa3.} 24. Nf5 h5) 24. Rc5 $15 Be7 (24... f6 $15) 25. Rcc1 $17 Bg5 26. Rc5 Be7 (26... Bd8 $15) 27. Rec1 $2 {[%emt 0:05:33] [#]} Nf4 $36 {[%emt 0:00:32][%mdl 2048] Black is in control.} 28. Qd2 Bxc5 29. Rxc5 f6 30. Ne2 Ng6 31. Ng3 Nce7 32. Nh5 Ng8 33. Qc2 c6 34. Ng3 (34. Be2 {was worth a try.}) 34... Nh4 35. Be2 Ng6 (35... Qd6 $142 36. Qd2 Ng6) 36. Bf3 $1 Nf8 37. Qd2 Qe7 38. Qc1 Rc8 39. Nf5 Bxf5 40. exf5 Qd7 (40... Nd7 $19 41. Rxb5 Ra7) 41. Be4 $17 Ne7 42. Qd1 (42. f4 $17 {was called for.} exf4 43. Qxf4) 42... Nd5 (42... Nxf5 $2 43. Nxf6+ gxf6 44. Qg4 $18) 43. Qc2 (43. Qc1 $17 Raa8 44. g3) 43... Nf4 44. Kh2 Qd6 $2 ({Better is} 44... Rd8 $17 {White must now prevent ...Qd6.} 45. Bc1 Qd6) 45. g3 $14 h5 $2 {[%emt 0:00:00] [#]} ({Black should try} 45... Nxd3 $14 46. Qxd3 Nd7) 46. gxf4 $2 ({White has to play} 46. Nxe5 $1 $18 Nxh3 47. Nf3) 46... hxg4 47. hxg4 (47. fxe5 $14 fxe5 48. Qe2) 47... exf4 $11 {[%emt 0:00:00] ...Nd7 would be deadly.} 48. f3 {[%emt 0:00:00] Weighted Error Value: White=0.28 (precise) /Black=0.39} (48. Kg2 $11) 1/2-1/2

[Event "CZE-ch U16 Open 2023"]
[Site "Teplice"]
[Date "2023.03.18"]
[Round "9.6"]
[White "Hladky, Tadeas"]
[Black "Werner, Hong Quan Dan"]
[Result "1-0"]
[ECO "B31"]
[WhiteElo "1973"]
[BlackElo "2085"]
[Annotator "TA"]
[PlyCount "107"]
[EventDate "2023.03.09"]
[EventType "swiss"]
[EventCountry "CZE"]
[SourceTitle "playchess.com"]
[Source "ChessBase"]
[SourceQuality "1"]
[TimeControl "40/5400+30:1800+30"]

1. e4 c5 2. Nf3 Nc6 3. Bb5 g6 4. O-O Nf6 5. Re1 Bg7 6. e5 Nd5 7. Nc3 Nc7 8. Bxc6 bxc6 9. d3 {[%emt 0:03:17] B31: Sicilian: 2...Nc6 3 Bb5 g6.} O-O 10. Be3 Ne6 11. Qd2 {[%emt 0:03:23] White has an edge.} d5 {[%emt 0:07:56] [#]} (11... d6 $11 {remains equal.}) 12. Na4 $146 ({Predecessor:} 12. Bh6 Bb7 13. b3 Ba6 14. Rad1 Qc7 15. Na4 c4 16. d4 Bb5 17. Nc5 Nxc5 18. dxc5 {1-0 Adhiban,B (2303)-Prince,B (1878) Asia-ch U20 New Delhi 2006 (1.11)}) 12... d4 13. Bh6 f6 14. Bxg7 Kxg7 15. exf6+ exf6 16. b3 Qd6 17. Re4 Bd7 18. Rae1 (18. Rh4 g5 19. Re4 Be8 $14) 18... Rfe8 19. h3 (19. Rh4 Kg8 $14) 19... c4 20. dxc4 (20. bxc4 c5 21. Qa5 (21. Rh4 $2 g5 $19) 21... Qc6 $14) (20. Rh4 $6 g5 21. Rxe6 (21. Rhe4 c3 $17) 21... Bxe6 22. Nxg5 Bf5 $11) 20... c5 21. Qa5 (21. Rh4 g5 22. Rhe4 Nf4 $14) 21... Bc6 {[%emt 0:06:24] [#]} (21... Kf7 $16 {might work better.}) 22. Rxe6 $1 $18 {[%emt 0:01:32][%mdl 576] Deflection} Rxe6 23. Rxe6 (23. Nxc5 $6 Rxe1+ 24. Nxe1 Re8 $11) 23... Qxe6 24. Qc7+ Kg8 {[%emt 0:08:30] ...Bxa4 would be deadly.} 25. Nxc5 Qe8 26. Nxd4 $40 {[%emt 0:01:15][%mdl 128] White wants a kill. White is much more active. Excellent horsemanship.} Rc8 27. Qd6 $1 (27. Qxa7 $2 Qe1+ 28. Kh2 Qe5+ 29. Kg1 Qxd4 $19) 27... Qe1+ (27... Kf7 $142 28. Nde6 Qe7) 28. Kh2 Qe5+ 29. Qxe5 fxe5 30. Nxc6 Rxc6 {[%emt 0:00:04][%mdl 4096] Endgame KR-KN} 31. Ne4 Kf7 32. Kg3 Rc7 33. Nc3 Ke6 34. Kf3 h6 35. Nd5 Rf7+ 36. Ke3 g5 37. f3 h5 38. Ke4 Rg7 $2 (38... g4 {is a better defense.} 39. hxg4 (39. fxg4 Rf2 $18) 39... Rg7) 39. c5 $1 {[%emt 0:08:28][%cal Bc4c5,Bc5c6,Bc6c7][%mdl 32] Black must now prevent c6.} g4 (39... Kd7 $142 40. Kxe5 h4) 40. hxg4 {[%emt 0:00:05] c6 is the strong threat.} hxg4 {[%emt 0:00:05] [#]} 41. c6 $1 gxf3 {[%emt 0:33:19] [#]} 42. c7 $1 ({And not} 42. gxf3 Rg2 $11) 42... Kd7 43. gxf3 Rg2 44. c4 ({Less strong is} 44. Kxe5 Re2+ 45. Kd4 Rxc2 $11) 44... Re2+ 45. Kf5 {[%emt 0:01:23] And now b4 would win.} Rxa2 (45... Rf2 $142 46. Kxe5 Rxf3) 46. Kxe5 Ra3 47. c5 {[%emt 0:02:42] White mates.} Ra6 48. b4 Re6+ 49. Kd4 a6 50. f4 Kc8 51. f5 Re1 52. c6 a5 53. b5 a4 54. b6 {[%emt 0:00:27] Black got outplayed after the opening.   Weighted Error Value: White=0.04 (flawless) /Black=0.38} 1-0

[Event "CZE-ch U16 Open 2023"]
[Site "Teplice"]
[Date "2023.03.18"]
[Round "9.7"]
[White "Simunek, Jakub Simon"]
[Black "Svoboda, Daniel"]
[Result "1-0"]
[ECO "B51"]
[WhiteElo "1970"]
[BlackElo "1748"]
[Annotator "TA"]
[PlyCount "59"]
[EventDate "2023.03.09"]
[EventType "swiss"]
[EventCountry "CZE"]
[SourceTitle "playchess.com"]
[Source "ChessBase"]
[SourceQuality "1"]
[TimeControl "40/5400+30:1800+30"]

1. e4 c5 2. Nf3 d6 3. Bb5+ Nd7 4. c3 Ngf6 5. Qe2 a6 6. Ba4 g6 {[%emt 0:01:19] B51: Sicilian: Moscow Variation (3 Bb5+) without 3...Bd7.} 7. O-O b5 8. Bc2 Bg7 {[%emt 0:00:18] The position is equal.} 9. d4 Bb7 {[%emt 0:01:10] was the old line (9...0-0).} 10. Bg5 {[%emt 0:09:52] [#]} Qb6 $146 ({Predecessor:} 10... O-O 11. Nbd2 e5 12. dxe5 dxe5 13. Rfd1 h6 14. Bxf6 Qxf6 15. Nc4 Rad8 16. Na5 Bc8 {1-0 Feinig,M (2141)-Bauer,T (2228) St Veit op 41st 2022 (6)}) 11. Nbd2 e6 12. a4 O-O 13. b3 Rfc8 {[%emt 0:07:01] [#] Hoping for ...cxd4.} 14. axb5 (14. Bd3 $11) 14... axb5 {[%emt 0:16:37] And now ...Rxa1 would win.} (14... cxd4 $5 15. Nc4 Qxb5 $15) 15. Bd3 Bc6 16. h3 Ra6 17. Rxa6 Qxa6 18. Bf4 Ne8 {[#]} 19. d5 $1 {[%emt 0:02:47][%mdl 64] Deflection} exd5 20. exd5 Bxd5 {[%emt 0:00:35] ...c4 is the strong threat.} 21. Bxb5 Qb7 {[%emt 0:01:02] Loses the game.} (21... Qa7 $1 $14) 22. Ba6 $18 Qc7 23. Bxc8 Qxc8 24. c4 Be6 (24... Bb7 $142 25. Re1 Ndf6) 25. Ng5 Ne5 (25... Nf8 $142 26. Qe3 Bd4) 26. Re1 Nc7 $2 (26... Bd7 {was worth a try.} 27. Bxe5 Bxe5) 27. Nde4 {[%emt 0:07:08][%cal Bd2e4,Be4d6,Bd6e4][%mdl 32] White is clearly winning.} f6 28. Nxd6 Qa6 29. Bxe5 fxe5 30. Nde4 {[%emt 0:00:38] Weighted Error Value: White=0.10 (very precise) /Black=0.58} 1-0

[Event "CZE-ch U16 Open 2023"]
[Site "Teplice"]
[Date "2023.03.18"]
[Round "9.8"]
[White "Slaby, Matej"]
[Black "Tillmann, Stanislav"]
[Result "1/2-1/2"]
[ECO "B14"]
[WhiteElo "1932"]
[BlackElo "1907"]
[Annotator "TA"]
[PlyCount "115"]
[EventDate "2023.03.09"]
[EventType "swiss"]
[EventCountry "CZE"]
[SourceTitle "playchess.com"]
[Source "ChessBase"]
[SourceQuality "1"]
[TimeControl "40/5400+30:1800+30"]

1. d4 Nf6 2. c4 c5 3. e3 cxd4 4. exd4 d5 5. Nc3 e6 6. Nf3 Be7 7. Bd3 O-O 8. O-O b6 9. cxd5 Nxd5 10. Qe2 {[%emt 0:02:43] D41: Queen's Gambit Declined: Semi-Tarrasch with 5 cxd5.} (10. Nxd5 $14 exd5 11. Bf4) 10... Bb7 $11 11. Rd1 (11. Qe4 $5 g6 $8 12. Bh6 $11) 11... Nd7 12. Ne5 Rc8 {[%emt 0:01:59] Hoping for ...Rxc3.} 13. Nxd5 Bxd5 {[%emt 0:01:18] [#]} 14. Ba6 $146 ({Predecessor:} 14. Bf4 Nxe5 15. dxe5 Bg5 16. Qh5 h6 17. Bg3 Qe8 18. Qe2 {1-0 Kierzek,M (2005)-Korinkova,E (1792) Wch Seniors 50 (Women) 26th 2016 (7)}) 14... Rb8 15. Bf4 Nxe5 16. dxe5 Bg5 17. Bg3 Qe7 18. Bd3 g6 19. Be4 Bxe4 20. Qxe4 Rfd8 21. h4 Bh6 22. Rd6 Bf8 23. Rad1 Qc7 {[%emt 0:01:03][%mdl 64] [#] Pin} 24. R6d4 Be7 25. h5 Rxd4 26. Qxd4 Rd8 (26... Qc2 $5 27. h6 Bc5 $11) 27. Qa4 Rxd1+ 28. Qxd1 {[%emt 0:00:03][%mdl 4096] Endgame KQB-KQB} Bg5 29. Qe2 Qd7 30. hxg6 {[%emt 0:00:33] The position is equal.} hxg6 31. b3 b5 32. Kh2 Qd5 33. Qc2 Kg7 34. Qc7 Qd4 35. Qa5 Bf4 36. Bxf4 $1 Qxf4+ {[%emt 0:00:04] KQ-KQ} 37. Kg1 Qxe5 38. Qxa7 b4 39. g3 Qd6 40. Kg2 e5 41. Qb7 Qd4 42. Qc6 e4 43. Qc2 e3 44. fxe3 $1 Qxe3 45. Qb2+ Qc3 46. Qe2 Kf6 47. Qf2+ Ke6 48. Qe2+ Kd6 49. Qd1+ Ke5 50. Qd8 Qc6+ 51. Kh2 Qc2+ 52. Kh3 Qf5+ (52... Qxa2 53. Qe7+ Kf5 54. Qxf7+ (54. Qxb4 Qf2 $11) 54... Ke5 55. Qe7+ (55. Qxg6 Qxb3 56. Qg5+ Kd4 $17) 55... Kd5 56. Qd7+ (56. Qxb4 Qb1 $16) 56... Ke5 57. Qg7+ Kd5 58. Qd7+ (58. Qxg6 Qe2 $16) 58... Ke5 59. Qe7+ Kd5 60. Qxb4 $16) 53. Kh2 Qf2+ 54. Kh3 Qf1+ ({Much less strong is} 54... Qxa2 55. Qe7+ Kf5 56. Qxf7+ (56. Qxb4 Ke6 $11) 56... Ke5 57. Qe7+ (57. Qxg6 Qxb3 58. Qg7+ Ke4 $17) 57... Kd5 58. Qxb4 $16) 55. Kh2 Qf2+ 56. Kh3 Qf1+ ({Don't take} 56... Qxa2 57. Qe7+ Kf5 58. Qxf7+ (58. Qxb4 Qe2 $11) 58... Ke5 59. Qe7+ (59. Qxg6 Qxb3 60. Qg5+ Ke4 $17) 59... Kd5 60. Qxb4 $16) 57. Kh2 Qf2+ 58. Kh3 {An even fight not without its subleties.   Weighted Error Value: White=0.06 (flawless) /Black=0.04 (flawless)} 1/2-1/2

[Event "CZE-ch U16 Open 2023"]
[Site "Teplice"]
[Date "2023.03.18"]
[Round "9.9"]
[White "Davidek, Zdenek"]
[Black "Hozda, Max"]
[Result "1-0"]
[ECO "A80"]
[WhiteElo "1957"]
[BlackElo "2067"]
[Annotator "TA"]
[PlyCount "29"]
[EventDate "2023.03.09"]
[EventType "swiss"]
[EventCountry "CZE"]
[SourceTitle "playchess.com"]
[Source "ChessBase"]
[SourceQuality "1"]
[TimeControl "40/5400+30:1800+30"]

1. d4 f5 2. Bg5 Nf6 3. Bxf6 exf6 4. c4 b6 5. Nc3 Bb7 6. e3 {[%emt 0:02:45] A80: Dutch Defence: Unusual White second moves.} g6 {[%emt 0:09:58] [#]} 7. h4 $146 ({Predecessor:} 7. Nf3 Qe7 8. Be2 Bh6 9. O-O O-O 10. Re1 Nc6 11. Qd2 Nd8 12. Rad1 Nf7 13. d5 {½-½ Navickaite,S (1705)-Grzelachowska,G (1969) Radviliskis op 2009 (3)}) 7... h5 8. Qc2 {[%emt 0:09:11] White is better.} Kf7 9. O-O-O Kg7 10. Bd3 Na6 {[%emt 0:04:35] [#]} 11. a3 $1 {[%emt 0:00:54] Prevents Nb4.} c6 ({And not} 11... Bxg2 12. Rh2 Bb7 13. d5) 12. Nge2 {[%emt 0:01:59][%cal Og2g4] g4! would be deadly. White is more active.} Nc7 $2 {[%emt 0:03:05] [#]} (12... Rh6 $16 {was worth a try.}) 13. g4 $1 $18 fxg4 (13... hxg4 $2 14. h5 g5 15. Ng3 $18) 14. Bxg6 Ne6 15. Ng3 {[%emt 0:03:59] Weighted Error Value: White=0.01 (flawless) /Black=0.41} ({Not} 15. Qf5 Kg8 16. Ne4 (16. Bxh5 Ng7 $14) 16... Be7 17. Bxh5 Ng7 18. Qxg4 f5 $18) 1-0

[Event "CZE-ch U16 Open 2023"]
[Site "Teplice"]
[Date "2023.03.18"]
[Round "9.10"]
[White "Mohapl, Tomas"]
[Black "Zezula, Jakub"]
[Result "1/2-1/2"]
[ECO "C78"]
[WhiteElo "1946"]
[BlackElo "1963"]
[Annotator "TA"]
[PlyCount "73"]
[EventDate "2023.03.09"]
[EventType "swiss"]
[EventCountry "CZE"]
[SourceTitle "playchess.com"]
[Source "ChessBase"]
[SourceQuality "1"]
[TimeControl "40/5400+30:1800+30"]

1. e4 e5 2. Nf3 Nc6 3. Bb5 a6 4. Ba4 Nf6 5. O-O b5 6. Bb3 Bc5 7. c3 d6 8. d4 Bb6 9. h3 Bb7 10. Re1 O-O 11. Bg5 {[%emt 0:01:13] C78: Ruy Lopez: Archangelsk and Möller Defences.} h6 12. Bh4 Re8 13. d5 {[%emt 0:14:00] White has an edge.} Nb8 14. Nbd2 Nbd7 15. Nf1 Nf8 {[%emt 0:02:56] [#]} 16. Bxf6 $146 ({Predecessor:} 16. N3d2 g5 17. Bg3 Ng6 18. Ne3 Kh7 19. Nf5 Rg8 20. Bc2 Ne7 21. Ne3 Qd7 22. Ndf1 {1-0 Hu,Y (1995)-Meng,W (1472) CHN-chB (Women) 2019 (1)}) 16... Qxf6 17. Ng3 Ng6 18. Nh5 {[%emt 0:04:08] Prevents Nf4} Qe7 19. a4 c6 20. Qd3 Nh4 (20... Bc5 {is more complex.} 21. axb5 axb5 22. dxc6 Bxc6 23. Rxa8 Rxa8 24. Bd5 Qb7) 21. dxc6 Bxc6 (21... Nxf3+ {simplifies} 22. Qxf3 Bxc6 23. Ng3 g6) 22. Nxh4 Qxh4 23. Ng3 bxa4 24. Bxa4 Bxa4 25. Rxa4 d5 26. b3 dxe4 27. Raxe4 Qf6 28. Qe2 a5 29. Nh5 Qd6 {[%emt 0:12:30] The position is equal.} 30. Rxe5 (30. Qf3 {looks sharper.} Ra7 31. Rg4 f5 32. Qxf5 Rf8 33. Qxe5 Bxf2+ 34. Kh2) 30... Rxe5 31. Qxe5 Qxe5 32. Rxe5 $11 {[%emt 0:00:05] KRB-KRN} Rd8 {[%emt 0:00:08] [#] Threatens to win with ...Rd1+.} 33. Re2 Rd1+ {[%emt 0:01:17][%mdl 1024] Black has compensation.} 34. Kh2 Rd3 35. Rc2 ({Don't play} 35. Re8+ Kh7 36. b4 a4 $15) 35... Bc7+ 36. Ng3 Be5 37. b4 {[%emt 0:00:22] An interesting draw.   Weighted Error Value: White=0.09 (flawless) /Black=0.09 (flawless)} 1/2-1/2

[Event "CZE-ch U16 Open 2023"]
[Site "Teplice"]
[Date "2023.03.18"]
[Round "9.11"]
[White "Kubin, Tomas Daniel"]
[Black "Sigut, Ondrej"]
[Result "1/2-1/2"]
[ECO "B07"]
[WhiteElo "1936"]
[BlackElo "1804"]
[Annotator "TA"]
[PlyCount "105"]
[EventDate "2023.03.09"]
[EventType "swiss"]
[EventCountry "CZE"]
[SourceTitle "playchess.com"]
[Source "ChessBase"]
[SourceQuality "1"]
[TimeControl "40/5400+30:1800+30"]

1. e4 d6 2. d4 Nf6 3. Nc3 e5 4. Nf3 exd4 5. Nxd4 g6 6. f3 Bg7 7. Be3 O-O 8. Qd2 Nc6 9. O-O-O Nxd4 10. Bxd4 Be6 11. Be3 a6 {[%emt 0:01:52] C41: Philidor Defence.} 12. Bh6 b5 {[%emt 0:01:28] [#]} 13. Kb1 $146 ({Predecessor:} 13. h4 Nh5 14. g4 Ng3 15. Rh3 Nxf1 16. Rxf1 f6 17. h5 g5 18. Bxg7 Kxg7 19. Rd1 {½-½ Danada,O (1895)-Janos,J (2215) Bratislava Doprastav op 2010 (5)}) 13... b4 {[%emt 0:04:24] White is slightly better.} 14. Ne2 a5 15. h4 a4 (15... Bxh6 $14 16. Qxh6 Nd7) 16. g4 ({White should play} 16. Bxg7 $16 Kxg7 17. Qxb4) 16... Qe7 (16... Bxh6 $11 {remains equal.} 17. Qxh6 b3) 17. h5 ({Only move:} 17. Bxg7 $16 Kxg7 18. Qxb4) 17... Bxa2+ $11 {[%emt 0:12:04][%mdl 64] Decoy} 18. Kxa2 {[%emt 0:12:58] And now Bxg7 would win.} b3+ 19. Kb1 (19. cxb3 $2 Nxe4 20. Qd3 (20. fxe4 $2 axb3+ 21. Kxb3 Rfb8+ {[%mdl 64] Skewer} 22. Kc4 Qxe4+ $19) 20... Nf2 $19) 19... bxc2+ 20. Qxc2 Bxh6 21. hxg6 {[%emt 0:00:23][%mdl 64] Discovered Attack} (21. Nd4 $5 Bf4 22. hxg6 hxg6 23. Bc4 $11) 21... Bg7 $1 {[%emt 0:01:19] Hoping for ...a3.} 22. gxf7+ (22. g5 hxg6 23. gxf6 Qxf6 $17) (22. Nd4 {is interesting.} fxg6 23. Nc6 Qe8 24. e5) 22... Rxf7 23. Nd4 (23. Ng3 {is more complex.} a3 24. Nf5 Qe5 25. Bc4) 23... a3 $1 {[%emt 0:06:49] Black is weak on the light squares} 24. Nc6 (24. Bc4 d5 25. Nf5 (25. Bxd5 Nxd5 26. exd5 h6 $17) (25. exd5 axb2 26. Qd3 Qe5 $14) 25... Qe5 26. Bxd5 (26. exd5 axb2 27. Qd3 Ra1+ 28. Kc2 Kh8 $14) 26... Nxd5 27. Rxd5 Qxb2+ 28. Qxb2 axb2) (24. Bc4 {feels hotter.} axb2 25. Nc6 Qe8 26. e5) 24... Qe8 {[%emt 0:03:16] [#]} 25. e5 $1 axb2 $1 26. Kxb2 {[%emt 0:04:24] [#]} (26. exf6 $2 Bxf6 $19) (26. Bc4 $11 {keeps the balance.} Kf8 27. Nd4 (27. Bxf7 Qxf7 28. Qxb2 Nd7 $11)) 26... Bh8 $2 27. g5 {[%emt 0:00:53] White has more active pieces.} (27. exf6 Bxf6+ 28. Kb3 (28. Kc1 Qe3+ 29. Qd2 Ra1+ 30. Kc2 Ra2+ 31. Kc1 Qa3+ 32. Kb1 Qb3+ 33. Kc1 Ra1#) 28... Qe3+ 29. Bd3 Qb6+ 30. Nb4 c5 31. Bxh7+ Kf8 $17) (27. Bc4 $1 $16 {[%cal Og4g5] Strongly threatening g5!} d5 28. Bxd5 Nxd5 29. Rxd5) 27... Nd7 (27... Qe6 $2 28. Bc4 (28. gxf6 $2 Ra2+ 29. Kc3 Rxc2+ 30. Kxc2 Qa2+ 31. Kc1 Qa1+ 32. Kd2 Qb2+ 33. Ke3 Qb6+ 34. Kd2 Qxc6 $19) 28... d5 29. Bb3 $18 (29. gxf6 dxc4 30. Qe4 Bxf6 $18)) (27... Ng4 $5 28. Bc4 $8 (28. fxg4 $2 Bxe5+ 29. Kb3 Rf3+ 30. Rd3 Qe6+ 31. Qc4 Ra3+ {[%mdl 64] Deflection} 32. Kxa3 Qxc4 $19) 28... Bxe5+ 29. Rd4 (29. Kc1 $2 Kf8 $19) 29... Bxd4+ 30. Nxd4 Kh8 31. fxg4 Rb8+ 32. Nb3 Qe5+ 33. Kc1 Qxg5+ 34. Nd2 Re7 $15) 28. Bc4 $1 Bxe5+ 29. Nxe5 ({Don't go for} 29. Kc1 $2 Ra1+ 30. Kd2 Bf4+ 31. Kc3 Qe3+ 32. Bd3 Be5+ 33. Nxe5 Qxe5+ 34. Kd2 Qf4+ 35. Ke1 Qxf3 $19) 29... Qxe5+ 30. Qc3 {[%emt 0:00:26] Dancing on a razor blade.} Qxc3+ {[%emt 0:01:09][%mdl 64] Remove Defender} ({Much less strong is} 30... Rb8+ 31. Kc2 Qf5+ 32. Bd3 $16 (32. Qd3 Kh8 $16)) 31. Kxc3 Ra3+ 32. Kb4 Raxf3 33. Bxf7+ Rxf7 {[%emt 0:00:04][%mdl 4096] Endgame KRR-KRN} 34. Rd5 Ne5 35. Rc1 Kg7 36. Rg1 Kg6 37. Rdd1 Rf5 38. Kb3 Nf3 39. Rg2 Nxg5 40. Rc2 Rf7 41. Rdc1 {[%emt 0:30:24] The position is equal.} c5 42. Rd1 Rf6 43. Rcd2 Ne4 44. Re2 Re6 45. Rd5 Kf7 46. Rh2 h6 47. Rdh5 Kg7 48. Kc4 Rg6 49. R5h4 Nf6 50. Ra2 Ng4 51. Rh5 Ne3+ 52. Kd3 Ng4 53. Ke4 {An interesting game.   Weighted Error Value: White=0.25 (precise) /Black=0.22 (precise)} 1/2-1/2